 Dungeon Crawl Stone Soup version 0.32-a0-909-gc671339a80 (webtiles) character file.

Game seed: 2638780038555538779

23 Edwards80 the Trooper (level 2, -1/27 HPs)
             Began as a Mountain Dwarf Fighter on Apr 6, 2024.
             Was a Follower of Dithmenos.
             Slain by a kobold
             ... wielding a +0 short sword
              (4 damage)
             ... on level 2 of the Dungeon.
             The game lasted 00:02:45 (847 turns).

Edwards80 the Trooper (Mountain Dwarf Fighter)       Turns: 847, Time: 00:02:46

Health: -1/27      AC:  6    Str: 18    XL:     2   Next: 75%
Magic:  2/2        EV:  8    Int:  8    God:    Dithmenos [*.....]
Gold:   35         SH:  4    Dex:  9    Spells: 1/1 levels left

rFire   . . .        a - +0 war axe
rCold   . . .        c - +0 buckler
rNeg    . . .        b - +0 scale mail
rPois   .            (no helmet)
rElec   .            (no cloak)
rCorr   .            (no gloves)
SInv    .            (no boots)
Will    .....        (no amulet) Stlth
                     (no ring)
HPRegen 0.24/turn    (no ring)
MPRegen 0.08/turn

%: no passive effects
@: wreathed by umbra
A: runic magic, artefact enchanting
a: Renounce Religion


You were on level 2 of the Dungeon.
You worshipped Dithmenos.
Dithmenos was aware of your devotion.
You visited 1 branch of the dungeon, and saw 2 of its levels.

You collected 35 gold pieces.

Inventory:

Hand Weapons
 a - a +0 war axe (weapon)
Armour
 b - a +0 scale mail (worn)
 c - a +0 buckler (worn)
Jewellery
 e - an amulet of regeneration
Scrolls
 f - a scroll of fog {unknown}
Potions
 d - a potion of might


   Skills:
 + Level 3.6 Fighting
 + Level 2.9 Axes
 + Level 3.6 Armour
 + Level 3.6 Shields


You had one spell level left.
You didn't know any spells.
Your spell library was empty.

Dungeon Overview and Level Annotations

Branches:
Dungeon (2/15)

Altars:
Dithmenos

Shops:
D:1 !


Innate Abilities, Weirdness & Mutations

Your spellcasting is much less encumbered by armour.
You can use scrolls of enchantment on lesser artefacts.


Message History

The kobold hits you but does no damage.
You hit the adder.
The adder is moderately wounded.
You closely miss the kobold.
You feel sick. You block the adder's attack.
The kobold hits you with a +0 short sword.
The adder completely misses you.
You closely miss the adder.
The adder is moderately wounded.
You closely miss the kobold.
You feel sick. The adder closely misses you.
The kobold hits you but does no damage.
You hit the adder but do no damage.
The adder is moderately wounded.
You closely miss the kobold.
You feel sick. The adder bites you but does no damage.
The kobold hits you but does no damage. The adder bites you.
You are more poisoned.
The adder poisons you! You block the kobold's attack.
You closely miss the kobold. You closely miss the adder.
You feel sick. The adder bites you but does no damage.
You block the kobold's attack. The adder barely misses you.
You hit the kobold.
The kobold is heavily wounded.
You hit the adder.
You feel sick. The adder bites you.
The kobold hits you with a +0 short sword.
The adder closely misses you. You block the kobold's attack.
You feel sick.
You feel sick. You block the adder's attack.
You feel sick.
You miss the adder.
The adder is almost dead.
You feel sick.
You are no longer poisoned.
The adder bites you but does no damage. The adder bites you.
* * * LOW HITPOINT WARNING * * *
Okay, then.
You closely miss the adder.
The adder is almost dead.
You hit the kobold. The adder bites you but does no damage.
The kobold hits you with a +0 short sword.
You die...

#.#.# #.#.#
#.#.#
#.#.#.#
##.#.#.#
#....#.#
#....#.# ..#
#....#.#
#...#..@##.#
.......SK#.#
###........#
######.#.#
#.$...#.#
#........
#.$...####
.......#
##......#


You could see an adder and a kobold.

Vanquished Creatures
  3 endoplasms (D:1)
  A giant cockroach (D:1)
  2 goblins (D:1)
  2 kobolds
  2 quokkas (D:1)
  2 ball pythons (D:1)
  2 bats (D:1)
  10 rats (D:1)
24 creatures vanquished.

Notes
Turn   | Place    | Note
-------+----------+-------------------------------------------
     0 | D:1      | Edwards80 the Mountain Dwarf Fighter began the quest for
                  | the Orb.
     0 | D:1      | Reached XP level 1. HP: 19/19 MP: 1/1
   172 | D:1      | Found Molagi Jaa's Distillery.
   221 | D:1      | Reached XP level 2. HP: 26/26 MP: 2/2
   670 | D:1      | Found a faded altar of an unknown god.
   677 | D:1      | Prayed at the altar of an unknown god.
   677 | D:1      | Became a worshipper of Dithmenos the Shadowed
   677 | D:1      | Reached * piety under Dithmenos
   847 | D:2      | Slain by a kobold

Illustrated notes

Levels and vault maps discovered:
D:1:      dpeg_arrival_castle, layout_loops_ring, serial_shops,
          nicolae_shop_statue_plus, hellmonk_ecumenical_altar_slurped_away
D:2:      layout_basic, chequers_serial_rivers_small_3

Action                     || total
---------------------------++-------
  Melee: War axe           ||    61
 Armour: Scale mail        ||    62
  Dodge: Dodged            ||    36
  Block: Buckler           ||    15

Table legend: (Time is in decaauts)
 A = Elapsed time spent in this place.
 B = Non-inter-level travel time spent in this place.
 C = Inter-level travel time spent in this place.
 D = Time resting spent in this place.
 E = Time spent auto-exploring this place.
 F = Levels seen in this place.
 G = Mean time per level.
                   A        B        C        D        E       F      G
               +--------+--------+--------+--------+--------+-----+--------+
         Total |    873 |    837 |     36 |      0 |    616 |   2 |  436.5 |
       Dungeon |    873 |    837 |     36 |      0 |    616 |   2 |  436.5 |
               +--------+--------+--------+--------+--------+-----+--------+

Top non-repeatable levels by time:
     D:1: 820 daAuts
     D:2: 52 daAuts
